 Dungeon Crawl Stone Soup version 0.17.1-3-g152610e (webtiles) character file.

231 kaze the Skirmisher (level 5, -2/42 HPs)
             Began as a Demonspawn Berserker on Mar 9, 2016.
             Was a Believer of Trog.
             Killed from afar by an orc wizard (7 damage)
             ... with a puff of flame
             ... on level 4 of the Dungeon.
             The game lasted 00:05:59 (2518 turns).

kaze the Skirmisher (Demonspawn Berserker)          Turns: 2518, Time: 00:06:00

Health: -2/42      AC:  9    Str: 19    XL:     5   Next: 73%
Magic:  5/5        EV:  5    Int:  8    God:    Trog [**....]
Gold:   85         SH:  7    Dex: 12    Spells: 0 memorised, 4 levels left

rFire  . . .     SeeInvis .     a - +0 spear
rCold  . . .     Clarity  .     b - +0 chain mail
rNeg   . . .     SustAt   .     r - +0 shield
rPois  .         Gourm    .     (helmet restricted)
rElec  .         Spirit   .     (no cloak)
rCorr  .         Warding  .     (no gloves)
rMut   .         Stasis   .     (no boots)
MR     .....                    (no amulet)
Stlth  ..........               (no ring)
                                (no ring)

@: not resistant to hostile enchantments, extremely unstealthy
A: antennae 1, powered by death 1, spiny 1
a: Berserk, Trog's Hand, Burn Spellbooks, Renounce Religion


You were on level 4 of the Dungeon.
You worshipped Trog.
Trog was pleased with you.
You were hungry.

You visited 1 branch of the dungeon, and saw 4 of its levels.

You collected 85 gold pieces.

Inventory:

Hand Weapons
 a - a +0 spear (weapon)
Missiles
 i - 8 tomahawks (quivered)
Armour
 b - a +0 chain mail (worn)
 r - a +0 shield (worn)
Jewellery
 k - an uncursed ring of flight {unknown}
Wands
 f - a wand of flame (7)
 o - a wand of heal wounds (3)
Scrolls
 e - 2 scrolls of remove curse {unknown}
 g - a scroll of identify {unknown}
 h - a scroll of fog {unknown}
 j - a scroll of enchant weapon {unknown}
 m - a scroll of random uselessness {unknown}
 n - 3 scrolls of amnesia {unknown}
 q - a scroll of fear {unknown}
Potions
 c - 4 potions of flight {unknown}
 d - a potion of cancellation
 l - a potion of brilliance
 p - 2 potions of poison {unknown}


   Skills:
 + Level 3.9 Fighting
 + Level 3.6 Polearms
 + Level 3.4 Armour
 + Level 2.9 Dodging
 - Level 0.4 Stealth


You had 4 spell levels left.
You didn't know any spells.

Dungeon Overview and Level Annotations

Branches:
Dungeon (4/15)
 Temple: D:4-7

Altars:
Sif Muna


Innate Abilities, Weirdness & Mutations

You have a pair of small antennae on your head.
You regenerate a little health from kills.
You are partially covered in sharp spines.


Message History

The orc wizard gestures at you while chanting.
The puff of frost hits you!
* * * LOW HITPOINT WARNING * * *
The orc wizard gestures at you while chanting.
You resist with some effort. The orc wizard casts a spell at you.
The puff of flame hits you! The orc wizard casts a spell at you.
The magic dart hits you!
* * * LOW HITPOINT WARNING * * *
The orc wizard casts a spell at you. You resist with some effort.
You bump into the rock wall.
You feel less confused. The orc wizard casts a spell at you.
The puff of frost hits you!
* * * LOW HITPOINT WARNING * * *
The orc wizard casts a spell at you. The puff of flame hits you!
You die...

.......... ...
.......... #.#
........... #.#
........... #.#
........... #.# ####
#..#######
#.###..######
#.##..8#..≈.#
#########...._.'@.§o#
...........#..8#..≈o#
######.##.###..######
#.#..# #### #.#.##
#[#. #.#( #.#. #.#


You could see 2 orc wizards.

Vanquished Creatures
  Ijyb (D:2)
  2 orc wizards (D:3)
  Natasha (D:4)
  7 adders
  2 worms
  8 orcs (D:3)
  6 bats
  4 giant cockroaches
  7 goblins
  A hobgoblin (D:3)
  6 jackals (D:2)
  5 kobolds
  A quokka (D:2)
  4 giant newts
  6 rats
61 creatures vanquished.

Notes
Turn   | Place    | Note
--------------------------------------------------------------
     0 | D:1      | kaze the Demonspawn Berserker began the quest for the Orb.
     0 | D:1      | Reached XP level 1. HP: 18/18 MP: 1/1
   160 | D:1      | Gained mutation: You have a pair of small antennae on your head. [demonic ancestry]
   160 | D:1      | Reached XP level 2. HP: 22/24 MP: 2/2
   806 | D:2      | Gained mutation: You regenerate a little health from kills. [demonic ancestry]
   806 | D:2      | Reached XP level 3. HP: 9/29 MP: 3/3
  1258 | D:2      | Noticed Ijyb
  1315 | D:2      | Killed Ijyb
  1315 | D:2      | Reached ** piety under Trog
  1315 | D:2      | Reached XP level 4. HP: 24/35 MP: 4/4
  1662 | D:3      | Gained mutation: You are partially covered in sharp spines. [demonic ancestry]
  1662 | D:3      | Reached XP level 5. HP: 21/41 MP: 5/5
  2389 | D:4      | Noticed Natasha
  2396 | D:4      | Killed Natasha
  2477 | D:4      | Found a deep blue altar of Sif Muna.
  2518 | D:4      | Killed from afar by an orc wizard

Action                   |  1- 3 |  4- 6 || total
-------------------------+-------+-------++-------
Melee: Spear             |   187 |   133 ||   320
Invok: Berserk           |     1 |     1 ||     2
  Use: Potion            |     6 |       ||     6
 Stab: Sleeping          |     3 |       ||     3
  Eat: Bread ration      |     1 |       ||     1
       Fruit             |     1 |       ||     1
       Chunk             |       |     2 ||     2
